[Event "Israel-ch Youth U8-18 2024"]
[Site "Kfar Saba"]
[Date "2024.04.17"]
[Round "2.10"]
[White "Shilon Rahav, Eliran"]
[Black "Jakobs, Yoav"]
[Result "1-0"]
[ECO "B23"]
[WhiteElo "2116"]
[BlackElo "1611"]
[Annotator "TA"]
[PlyCount "107"]
[EventDate "2024.04.10"]
[EventType "swiss"]
[EventCountry "ISR"]
[SourceTitle "playchess.com"]
[Source "ChessBase"]
[SourceQuality "1"]
[TimeControl "5400+30"]

1. e4 c5 2. Nc3 a6 3. Nge2 d6 4. g3 Nc6 5. Bg2 g6 6. d4 cxd4 7. Nxd4 Bd7 8. Be3 {[%emt 0:02:14] White is slightly better.} Nf6 9. h3 Qc7 10. O-O Bg7 11. Qd2 Rc8 12. Rad1 (12. Nd5 $14 {is more appropriate.} Nxd5 13. exd5) 12... Ne5 13. Qe2 b5 14. Bg5 Qc4 15. Qe3 h6 16. Bxf6 Bxf6 17. f4 (17. Nd5 $16 {Strongly threatening f4.} Qc5 18. Nxf6+ exf6 19. c3) 17... Nc6 $2 {[%emt 0:01:43] [#]} (17... Qc5 $1 $11 {and Black has nothing to worry.} 18. Nd5 (18. fxe5 dxe5 19. Nf5 gxf5 $11) 18... Nc4 19. Nxf6+ exf6) 18. e5 $1 $18 dxe5 19. Nxc6 (19. fxe5 $18 Bg5 (19... Nxe5 $2 {loses.} 20. Rxf6 exf6 21. Nd5 $18) 20. Qf2 Nxe5 21. Bd5) 19... Bxc6 $11 20. fxe5 Bg5 $36 {[%emt 0:00:22][%mdl 2048] Black is pushing. A strong pair of Bishops.} 21. Qf2 {[%emt 0:00:14] Threatens to win with Nd5.} Bxg2 22. Kxg2 b4 23. Rd4 Qc6+ 24. Kh2 O-O 25. Rxb4 {[%emt 0:00:13] h4 would now be deadly.} e6 26. h4 Bd8 27. Rf4 Bb6 28. Qf3 (28. Qe2 $14) 28... Qxf3 29. R1xf3 Rcd8 30. Ne4 {[%emt 0:18:41] Hoping for Nd6.} Bd4 31. Nf6+ Kg7 32. Re4 Bxb2 33. c3 Ba3 34. Ra4 Be7 35. Ne4 (35. Rxa6 $11 Ra8 36. Rxa8 Rxa8 37. Rf2) 35... Rd5 $17 36. Rxa6 Rxe5 37. Nf2 (37. Nd6 $17) 37... Re2 $19 38. Kg2 Rb8 39. Ra7 Bf6 40. g4 {[%emt 0:03:01] [#]} (40. Ra4 $142 Rb7 41. Kh3) 40... g5 $1 ({Weaker is} 40... Bxh4 41. Rfxf7+ Kg8 42. Rg7+ Kf8 43. Kh3 Rxf2 (43... Bxf2 44. Rgf7+ Kg8 45. Rg7+ Kf8 46. Raf7+ Ke8 47. Rc7 $11) 44. Kxh4 $11) 41. h5 Rc2 42. a4 Rxc3 $4 {[%emt 0:00:45][%mdl 8192] [#]} (42... Rbb2 $19 {[%cal Oe6e5] And now ...e5! would win.} 43. Rc7 Ra2) 43. Rxf6 $1 $18 Kxf6 $19 {[%emt 0:00:51][%mdl 4096] Endgame. KRR-KRN} 44. Ne4+ Ke5 45. Nxc3 $18 {[%emt 0:00:02] KRN-KR} Kf4 46. Rxf7+ Kxg4 47. Nb5 Ra8 (47... Kxh5 $16 {is a better defense.} 48. Rf2 Kg6) 48. Ra7 Rd8 49. a5 ({White should try} 49. Rc7 $16) 49... Rd2+ $14 50. Kf1 e5 $2 (50... Ra2 $14) 51. a6 $18 e4 52. Rf7 Rd8 53. a7 Ra8 54. Rb7 {[%emt 0:00:15] White used his chance.   Weighted Error Value: White=0.27 (precise) /Black=0.46.  Loses game:     	---       	Black=2      Missed win:     	White=1     	Black=1      Mistake:       	White=7     	Black=1      Inaccurate:     	White=4     	Black=8      OK:         	White=12    	Black=18     Best:        	White=3     	Black=5      Strong:       	---       	Black=1      Brilliant:      	White=2     	---} 1-0

[Event "Israel-ch Youth U8-18 2024"]
[Site "Kfar Saba"]
[Date "2024.04.17"]
[Round "2.11"]
[White "Margolin-Herman, Ofek"]
[Black "Vardi, Daniel"]
[Result "0-1"]
[ECO "B41"]
[WhiteElo "1612"]
[BlackElo "1937"]
[Annotator "TA"]
[PlyCount "134"]
[EventDate "2024.04.10"]
[EventType "swiss"]
[EventCountry "ISR"]
[SourceTitle "playchess.com"]
[Source "ChessBase"]
[SourceQuality "1"]
[TimeControl "5400+30"]

1. e4 c5 2. Nf3 e6 3. d4 cxd4 4. Nxd4 a6 5. c4 Nf6 6. Nc3 Bb4 7. f3 d6 $2 (7... O-O $11) 8. Qa4+ $18 Nc6 9. Nxc6 Bxc3+ {[%emt 0:00:05] White is clearly better.} 10. bxc3 Qd7 {[%emt 0:00:07] [#]} 11. Be2 bxc6 12. Rb1 (12. c5 $16) 12... c5 $14 13. Qc2 Bb7 14. Be3 O-O 15. O-O Rab8 (15... Rfb8 $11) 16. Rfd1 (16. e5 $16 dxe5 17. Bxc5) 16... Qc6 (16... Bc6 $14) 17. Bf4 ({White should play} 17. Qd2) 17... Ne8 (17... e5 $16 {was called for.} 18. Bg5 Qc7) 18. Rd2 (18. e5 $18 {and White stays clearly on top.}) 18... e5 19. Be3 Nc7 {[%emt 0:05:47] [#]} (19... Rd8 $16 {keeps fighting.}) 20. Rbd1 ({White must play} 20. Qd1 $1 $18 Ne8 21. Rdb2) 20... Rbd8 21. Kh1 Ne6 22. Qb1 Qc7 23. Rb2 Rb8 24. Rdd2 Bc6 25. Rxb8 Rxb8 26. Rb2 Rd8 27. Qd1 g6 28. Bd3 Rf8 29. Qb1 h5 30. Rd2 Rb8 31. Rb2 Rc8 32. Qe1 Qa5 33. Bd2 Kg7 34. Qb1 g5 35. Qe1 Qd8 36. Qg3 Nf4 {[%emt 0:01:11] Strongly threatening ...h4.} 37. Bxf4 (37. Bf1 $11 {is more appropriate.}) 37... exf4 $15 38. Qf2 Qf6 39. Qe1 Qe5 40. Re2 Rh8 41. Qd2 Rb8 42. Rf2 a5 {[%emt 0:01:47] Black is much more active.} 43. Kg1 a4 44. g3 f6 (44... a3 $19 45. gxf4 Qxf4 (45... gxf4 46. Qc1 $15) 46. Qxf4 gxf4) 45. gxf4 $17 gxf4 (45... Qxf4 $19 46. Qxf4 gxf4) 46. Rg2+ Kh7 ({Black should try} 46... Kf7 $17 47. Qc1 f5) 47. Qc1 Bd7 {[%emt 0:00:36] Hoping for ...Bh3.} (47... f5 $5 48. exf5 Bxf3 $15) 48. Bf1 Bh3 49. Rd2 Rg8+ 50. Kh1 Be6 $36 {[%emt 0:01:18][%mdl 2048] Black is pushing.} 51. Rb2 f5 52. Rb7+ (52. exf5 $1 $11 {remains equal.} Bd7 (52... Bxf5 53. Re2 $15) (52... Qxf5 53. Qd1 $11) 53. Rb7 Qxf5 54. Be2) 52... Kh8 53. Qe1 (53. Bd3 $1 $15) 53... fxe4 $19 54. Qxe4 Qxe4 55. fxe4 {[%emt 0:00:05][%mdl 4096] Endgame. KRB-KRB} Bg4 {[%emt 0:00:34] ( -> ...Bf3+)} 56. h3 Bf3+ 57. Kh2 Bxe4 58. Rf7 f3 59. Rf6 a3 60. Rxd6 Rb8 61. Re6 (61. Kg3 $142) 61... Bb1 {[%emt 0:00:59][%cal Oh5h4] Threatens to win with ...h4!} 62. Ra6 $2 (62. Kg3 Ra8 (62... Bxa2 63. Ra6 $17) 63. Re5 (63. Rh6+ $2 Kg7 $19) 63... Bxa2 64. Rxh5+ Kg7 65. Bd3 (65. Rxc5 $2 Bb1 $19)) 62... h4 {[%emt 0:00:43] ...Rb2+ would now be deadly.} (62... Bxa2 63. Rxa3 Bb1 64. Ra5 $17) 63. Rxa3 Rb2+ 64. Kg1 f2+ {[%emt 0:00:49] Black mates.} ({Stronger than} 64... Bxa2 65. Ra7 $11) 65. Kh2 {[%emt 0:00:02] [#]} Bd3 $1 66. Ra8+ Kg7 67. Kg2 Be4+ {[%emt 0:02:03] A wild game.   Weighted Error Value: White=0.32/Black=0.28 (precise) .  Loses game:     	White=1     	---        Mistake:       	White=11    	Black=7      Inaccurate:     	White=4     	Black=2      OK:         	White=11    	Black=19     Best:        	White=3     	Black=4} 0-1

[Event "Israel-ch Youth U8-18 2024"]
[Site "Kfar Saba"]
[Date "2024.04.17"]
[Round "2.12"]
[White "Gurevich, Neria"]
[Black "Davidovich, Asaf"]
[Result "1-0"]
[ECO "E11"]
[WhiteElo "1844"]
[BlackElo "1609"]
[Annotator "NA RC COMBH"]
[PlyCount "47"]
[EventDate "2024.04.10"]
[EventType "swiss"]
[EventCountry "ISR"]
[SourceTitle "playchess.com"]
[Source "ChessBase"]
[SourceQuality "1"]
[TimeControl "5400+30"]

1. d4 Nf6 2. c4 e6 3. g3 d5 4. Bg2 Bb4+ 5. Bd2 Be7 6. Nf3 O-O 7. Qc2 {[%emt 0:00:54] E11: Bogo-Indian.} Nbd7 8. O-O b6 9. Nc3 Bb7 10. Rad1 Rc8 11. cxd5 exd5 12. Ne5 c5 13. Bf4 cxd4 14. Rxd4 Bc5 15. Rd2 $1 Qe7 {[%emt 0:05:21] [#]} (15... Re8 $11 16. Nd3 Bd4) 16. Nxd7 $1 (16. Nxd5 $2 {is the wrong capture.} Nxd5 17. Qd1 Nxe5 $19) 16... Qxd7 {[%emt 0:00:54] [#]} 17. Be5 $1 Be7 18. Qb3 Rfd8 ({Better is} 18... Ng4) 19. Bxf6 Bxf6 20. Nxd5 (20. Bxd5 $2 {is the wrong capture.} Bxc3 21. Bxb7 Bxd2 $19) 20... Bxd5 21. Bxd5 Qe7 (21... g6 $142 22. Kg2 Rc5) 22. Rfd1 Bg5 (22... g6 $16 {keeps fighting.} 23. h4 Kg7) 23. f4 Bf6 $18 24. e4 1-0

[Event "Israel-ch Youth U8-18 2024"]
[Site "Kfar Saba"]
[Date "2024.04.17"]
[Round "2.14"]
[White "Hoch, Guy"]
[Black "Ben-Haim, Harel"]
[Result "0-1"]
[ECO "E01"]
[WhiteElo "1685"]
[BlackElo "1513"]
[Annotator "NA RC COMBH"]
[PlyCount "126"]
[EventDate "2024.04.10"]
[EventType "swiss"]
[EventCountry "ISR"]
[SourceTitle "playchess.com"]
[Source "ChessBase"]
[SourceQuality "1"]
[TimeControl "5400+30"]

1. Nf3 d5 2. g3 Nf6 3. Bg2 e6 4. O-O Bd6 5. d4 O-O 6. c4 c6 7. Nc3 Nbd7 8. b3 Qe7 9. Bb2 h6 10. Re1 Re8 11. e4 dxe4 12. Nxe4 Nxe4 13. Rxe4 Nf6 14. Re1 Ba3 15. Qc2 Bxb2 16. Qxb2 Bd7 17. Rad1 Rac8 18. Rd2 a5 19. a3 b5 20. c5 b4 21. a4 Nd5 22. Ne5 Nc3 23. Nc4 Ra8 24. Nd6 Reb8 25. Rd3 Qg5 26. Ne4 Nxe4 27. Bxe4 Rd8 28. Qd2 Qxd2 29. Rxd2 Re8 30. Bg2 Rad8 31. f4 Re7 32. Re3 Kf8 33. Kf2 f6 34. Bf1 Kf7 35. Bc4 g6 36. Rde2 Bc8 37. Bxe6+ Rxe6 38. Rd2 Rxe3 39. Kxe3 Be6 40. Rd3 Re8 41. Kf3 h5 42. Kf2 Bd5 43. h3 g5 44. fxg5 fxg5 45. Kf1 g4 46. h4 Bf3 47. Kf2 Re2+ 48. Kf1 Rb2 49. Ke1 Bd5 50. Re3 Rxb3 51. Re5 Kg6 52. Rg5+ Kh6 53. Rf5 Rxg3 54. Rf6+ Kg7 55. Rf5 b3 56. Kd2 b2 57. Rf1 Be4 58. d5 b1=Q 59. Rxb1 Bxb1 60. dxc6 Bf5 61. c7 Bc8 62. c6 Rf3 63. Ke2 Rf8 0-1

[Event "Israel-ch Youth U8-18 2024"]
[Site "Kfar Saba"]
[Date "2024.04.17"]
[Round "2.15"]
[White "Zuker, Zivi"]
[Black "Ronin, Ilan"]
[Result "0-1"]
[ECO "B22"]
[WhiteElo "1549"]
[BlackElo "1555"]
[Annotator "NA RC COMBH"]
[PlyCount "64"]
[EventDate "2024.04.10"]
[EventType "swiss"]
[EventCountry "ISR"]
[SourceTitle "playchess.com"]
[Source "ChessBase"]
[SourceQuality "1"]
[TimeControl "5400+30"]

1. e4 c5 2. c3 e5 3. Nf3 Nc6 4. Bc4 h6 5. O-O Nf6 6. Re1 Be7 7. a3 O-O 8. b4 a6 9. Bb3 b5 10. bxc5 Bxc5 11. d4 Bb6 12. h3 d6 13. Be3 Re8 14. dxe5 Nxe5 15. Nxe5 Rxe5 16. Bf4 Rxe4 17. Rxe4 Nxe4 18. Qd5 Be6 19. Qxe4 Bxb3 20. Bxd6 Rc8 21. Qe7 Qxe7 22. Bxe7 Re8 23. Nd2 Rxe7 24. Nxb3 Re2 25. Nd4 Bxd4 26. cxd4 Rd2 27. a4 b4 28. Rb1 Rxd4 29. Kf1 a5 30. Ke2 Rc4 31. Kd3 Rc3+ 32. Kd2 Ra3 0-1

[Event "Israel-ch Youth U8-18 2024"]
[Site "Kfar Saba"]
[Date "2024.04.17"]
[Round "2.18"]
[White "Sivan, Leeor"]
[Black "Twyble, Michael S"]
[Result "1-0"]
[ECO "A16"]
[WhiteElo "1462"]
[BlackElo "2245"]
[Annotator "TA"]
[PlyCount "63"]
[EventDate "2024.04.10"]
[EventType "swiss"]
[EventCountry "ISR"]
[SourceTitle "playchess.com"]
[Source "ChessBase"]
[SourceQuality "1"]
[TimeControl "5400+30"]

1. c4 Nf6 2. Nc3 c6 3. d3 d5 4. cxd5 cxd5 5. d4 Nc6 6. Bg5 (6. Nf3 $11 {is superior.}) 6... e6 (6... Ne4 $15 7. Bd2 e5 (7... Nxd4 8. Qa4+ Nc6 9. Nxe4 $11)) 7. e3 Be7 8. Nf3 {[%emt 0:01:18] The position is equal.} O-O 9. Bd3 h6 10. Bh4 Nd7 11. Bg3 Bf6 12. Bc2 Qa5 13. Qd3 g6 14. Bh4 (14. O-O $14) 14... Nb4 15. Qd2 Nxc2+ 16. Qxc2 b6 17. O-O Bxh4 18. Nxh4 e5 $2 {[%emt 0:00:52][%mdl 8192] [#]} ({Better is} 18... Kg7 $14) 19. b4 $1 $18 Qxb4 20. Nxd5 $2 (20. Nxg6 $1 $18 exd4 21. exd4 (21. Nxd5 Qc5 $18) (21. Nxf8 dxc3 22. Ng6 fxg6 $16) 21... Qxd4 22. Rfd1 (22. Nxf8 Nxf8 23. Rad1 Qc4 $18)) 20... Qd6 $11 21. Nc3 (21. Nc7 $11 Rb8 22. Rfd1) 21... Bb7 $1 $17 (21... exd4 22. Rad1 $11) 22. f3 $2 (22. Nb5 $15 Qe7 23. Nxg6 fxg6 24. Qxg6+ Kh8 (24... Qg7 25. Qxg7+ Kxg7 26. Nc7 $16) 25. Qxh6+ Kg8 (25... Qh7 26. Qxh7+ Kxh7 27. Rfd1 $14) 26. Qg6+ Kh8 (26... Qg7 $2 27. Qxg7+ Kxg7 28. Nc7 $18) 27. Qh5+ Qh7 28. Qxh7+ Kxh7 29. Nd6) 22... exd4 $19 23. Rfd1 (23. Ne4 {might work better.} Qe7 24. g3) 23... Qc6 $2 (23... Qe7 $19 {is more deadly.} 24. Nb5 Qxh4 25. Rxd4 Qe7) 24. Rxd4 $17 {[%emt 0:00:35] [#]} Qe6 (24... Rac8 $1 $17 25. Rc1 Nc5) 25. Ne4 (25. e4 $15) 25... Rac8 ({Black should play} 25... Nc5 $1 $17 26. Nxc5 Qxe3+ (26... bxc5 27. Qxc5 Qxe3+ 28. Kh1 $17) 27. Qf2 Qxf2+ (27... bxc5 $2 28. Qxe3 cxd4 29. Qxh6 $18) 28. Kxf2 bxc5) 26. Qb1 $2 (26. Qb3 $15 Qxb3 27. axb3 Bxe4 28. fxe4) 26... f5 $2 (26... Nc5 $19 {...g5 is the strong threat.} 27. Qf1 Bxe4 28. fxe4 Nxe4) 27. Rd6 $16 Qe7 (27... Bxe4 28. Rxe6 Bxb1 29. Rxg6+ (29. Rxb1 g5 $11) 29... Kh7 30. Rxb1 Rf7) 28. Rxg6+ $2 (28. Qb3+ $18 Qf7 29. Rxg6+ (29. Rxd7 Qxb3 30. axb3 Bc6 $18) 29... Kh7 30. Nd6 Qxb3 31. axb3) 28... Kh7 29. Nd6 Qxh4 30. Nxf5 {[%emt 0:00:45] White is more active.} Qd8 {[%emt 0:02:31][%mdl 8192] [#]} (30... Rc1+ $16 31. Qxc1 Rxf5) 31. Ne7 $2 Qe8 $2 (31... Rc1+ $16 32. Qxc1 Qxe7) 32. Rg8+ {[%emt 0:00:00] Weighted Error Value: White=1.04/Black=0.91.  Loses game:     	White=2     	Black=3      Missed win:     	White=3     	Black=2      Mistake:       	White=4     	Black=4      Inaccurate:     	White=1     	Black=2      OK:         	White=8     	Black=7      Best:        	---       	Black=3      Strong:       	---       	Black=1} 1-0

[Event "Israel-ch Youth U8-18 2024"]
[Site "Kfar Saba"]
[Date "2024.04.17"]
[Round "3.1"]
[White "Levin, Guy"]
[Black "Sokolovsky, Yahli"]
[Result "1/2-1/2"]
[ECO "A45"]
[WhiteElo "2451"]
[BlackElo "2490"]
[Annotator "TA"]
[PlyCount "64"]
[EventDate "2024.04.10"]
[EventType "swiss"]
[EventCountry "ISR"]
[SourceTitle "playchess.com"]
[Source "ChessBase"]
[SourceQuality "1"]
[TimeControl "5400+30"]

1. d4 Nf6 2. Bg5 Ng8 3. Bc1 Nf6 4. Bg5 Ne4 5. h4 d5 6. Nd2 Bf5 7. Nxe4 Bxe4 8. f3 {[%emt 0:00:38] The position is equal.} h6 9. Bf4 Bh7 10. e3 e6 11. Bd3 Bxd3 12. Qxd3 c5 13. dxc5 Nd7 14. O-O-O Nxc5 15. Qb5+ Qd7 16. Qxd7+ Nxd7 17. h5 Bc5 18. Ne2 Ke7 ({Of course not} 18... e5 19. Bg3 $14) 19. Kb1 Rac8 20. g4 Bb6 21. Rhe1 Bc7 22. Nd4 a6 23. c3 Nc5 24. Kc2 Kf6 {[%emt 0:00:08] [#] Strongly threatening ...e5.} 25. Bxc7 Rxc7 26. Nb3 Nxb3 27. axb3 $11 {[%emt 0:00:02][%mdl 4096] Endgame. KRR-KRR} Rd8 28. e4 d4 29. e5+ Ke7 30. Rd3 Rd5 31. f4 dxc3 32. bxc3 Rcd7 {[%emt 0:00:18] A rather calm draw.   Weighted Error Value: White=0.04 (flawless) /Black=0.03 (flawless) .  OK:         	White=6     	Black=10     Best:        	---       	Black=1} 1/2-1/2

[Event "Israel-ch Youth U8-18 2024"]
[Site "Kfar Saba"]
[Date "2024.04.17"]
[Round "3.2"]
[White "Rozen, Eytan"]
[Black "Aizenberg, Benny"]
[Result "1-0"]
[ECO "D02"]
[WhiteElo "2499"]
[BlackElo "2409"]
[Annotator "TA"]
[PlyCount "81"]
[EventDate "2024.04.10"]
[EventType "swiss"]
[EventCountry "ISR"]
[SourceTitle "playchess.com"]
[Source "ChessBase"]
[SourceQuality "1"]
[TimeControl "5400+30"]

1. d4 Nf6 2. Nf3 e6 3. Bf4 c5 4. e3 d5 5. Nbd2 Be7 6. c3 Nc6 7. Ne5 Nxe5 8. Bxe5 O-O 9. Bd3 b6 {[%emt 0:02:04] The position is equal.} 10. h4 Nd7 11. Nf3 {[%emt 0:06:49][%cal Od3h7] Bxh7+! is the strong threat.} Nxe5 12. Nxe5 Bd6 13. Qh5 f5 14. f4 cxd4 (14... Bxe5 $11 15. fxe5 Bd7) 15. exd4 $14 b5 16. a3 Bd7 17. Qe2 Rb8 18. Kf2 {[%emt 0:01:07] White is more active.} a5 19. g3 Qc7 20. Rhe1 Bxe5 21. Qxe5 Qxe5 22. dxe5 Rfc8 23. h5 Be8 {[%emt 0:00:00] [#]} 24. h6 $1 gxh6 25. Ke3 b4 (25... Rb7 $11) 26. cxb4 $1 $16 axb4 27. a4 $1 Ra8 28. a5 Rcb8 (28... Rc7 $16 29. a6 Rac8) 29. Rh1 h5 30. Kd4 (30. Rhc1 $1 $18 {[%cal Rc1c7] is more deadly. Rc7 would now be deadly.} Bb5 31. Rc7 Bxd3 32. Kxd3) 30... Bb5 (30... Kf8 $16) 31. Rxh5 (31. Bxb5 $1 $18 Rxb5 32. a6 (32. Rxh5 Rbxa5 33. Rc1 Ra2 $11)) 31... Bxd3 32. Kxd3 $18 {[%emt 0:00:02][%mdl 4096] Endgame. KRR-KRR} Ra6 (32... Rb7 $16 {keeps fighting.} 33. Rg5+ Kf8) 33. Rh6 ({White should try} 33. Rc1 $18) 33... Rc8 $16 34. Rf6 Rcc6 (34... Rc7 $142) 35. Rg1 {[%emt 0:01:07] Black must now prevent g4.} h5 (35... Rxa5 $2 {perishes.} 36. g4 Rc7 37. gxf5+ (37. Rxe6 Rg7 $18) 37... Rg7 38. Rxg7+ Kxg7 39. fxe6 $18 (39. Rxe6 Ra7 $18)) 36. Rh1 $1 ({Weaker is} 36. Ra1 Kg7 $11) 36... Rxa5 37. Rxh5 {[%emt 0:00:07] White wants to mate with Rg6+.} Ra2 $2 {[%emt 0:00:00][%mdl 8192] [#] This move loses the game for Black.} (37... Ra1 $16) 38. Rg6+ $1 {[%emt 0:00:51] White mates.} Kf7 {[%emt 0:00:00] [#]} 39. Rhg5 $1 ({Worse is} 39. Rf6+ Kg7 $11) 39... Rb6 40. Rg8 Rxb2 41. R5g7# {[%emt 0:00:11] Weighted Error Value: White=0.12 (very precise) /Black=0.36.  Loses game:     	---       	Black=1      Mistake:       	White=3     	Black=6      Inaccurate:     	White=2     	Black=2      OK:         	White=5     	Black=9      Best:        	White=2     	Black=2      Strong:       	White=4     	---} 1-0

[Event "Israel-ch Youth U8-18 2024"]
[Site "Kfar Saba"]
[Date "2024.04.17"]
[Round "3.4"]
[White "Meirovich, Ilay"]
[Black "Duchan, Yoav"]
[Result "1/2-1/2"]
[ECO "E73"]
[WhiteElo "1880"]
[BlackElo "1980"]
[Annotator "TA"]
[PlyCount "159"]
[EventDate "2024.04.10"]
[EventType "swiss"]
[EventCountry "ISR"]
[SourceTitle "playchess.com"]
[Source "ChessBase"]
[SourceQuality "1"]
[TimeControl "5400+30"]

1. d4 g6 2. c4 Bg7 3. Nc3 d6 4. e4 Nf6 5. Be2 O-O 6. h4 c5 7. d5 h5 8. Bg5 b5 9. cxb5 (9. Nxb5 Nxe4 10. Bd3 a6 11. Bxe4 axb5 $17) 9... a6 {[%emt 0:00:08] White is slightly better.} 10. Qd2 axb5 11. Bxb5 Ba6 12. Bxa6 Nxa6 13. Nf3 c4 14. O-O Nc5 15. Rfe1 (15. Qe2 $11) 15... Ng4 $15 16. Rab1 (16. Nd4 $15) 16... Nd3 $17 17. Rf1 Qb6 18. e5 (18. Qc2 $1 $15) 18... Ndxe5 (18... Ngxe5 $17 19. Nxe5 Bxe5 20. Bxe7 Rfb8) 19. Nxe5 $11 Bxe5 20. Kh1 (20. Bxe7 $11 Rfb8 21. Bg5) 20... Bd4 21. f3 Be3 (21... Nf2+ $1 $17 22. Rxf2 Bxc3 (22... Bxf2 23. Ne4 $17)) 22. Bxe3 Nxe3 23. Qf2 ({White should play} 23. Rfe1 $11 Nf5 24. Kh2) 23... Rfb8 $15 24. Rfe1 Nf5 25. Qxb6 Rxb6 26. Kh2 Rab8 $36 {[%emt 0:03:15][%mdl 2048] Black is pushing.} (26... Nxh4 27. Re4 g5 28. Rxc4 $11) 27. Nd1 ({White should try} 27. Re2 $15) 27... Rb5 $17 (27... Nxh4 $6 28. Rxe7 Nf5 29. Rc7 $11) 28. Re4 (28. Ne3 $17) 28... Rxd5 $19 29. Rxc4 {[%emt 0:01:07] [#]} Rxd1 $1 30. Rxd1 {[%emt 0:00:07][%mdl 4096] Endgame. Rb1 would now be deadly. KRR-KRN} Ne3 $1 (30... Rxb2 31. Ra1 Ne3 32. Rc8+ Kg7 33. a4 $11) 31. Rcc1 (31. Rdd4 $17 Nxc4 (31... Rxb2 32. Rc7 $15) 32. Rxc4) 31... Nxd1 (31... Rxb2 32. Rg1 Rxa2 33. Kh3 $15) 32. Rxd1 Rxb2 {[%emt 0:00:03] KR-KR} 33. Ra1 Rb4 34. Kg3 Ra4 35. f4 (35. Kf2 {might work better.}) 35... Kf8 36. Kf3 Ke8 37. g3 Kd7 38. a3 Rc4 ({Better is} 38... f6 $19 {White must now prevent ...e5.} 39. Ke2 Ke6) 39. a4 $17 Kc6 40. Ra3 Kb6 41. Rb3+ Ka7 42. a5 Rc5 43. Ra3 Ka6 44. Rb3 Rb5 (44... Rxa5 45. Rb8) (44... Kxa5 45. Rb7 $11) 45. Rc3 Kb7 {[%emt 0:00:18] Prevents Rc8.} ({Don't do} 45... Rxa5 46. Rc7 $17) 46. Ra3 Rb4 47. a6+ (47. Rc3 $17) 47... Ka7 $19 48. Re3 e6 ({Not} 48... Kxa6 49. Rxe7 Rb7 50. Re8 $17) 49. Rc3 Kxa6 50. Rc7 Rb7 $1 51. Rc6+ Rb6 52. Rc7 {[%emt 0:00:05] [#]} Rb7 (52... f5 $1 $19 {and Black stays clearly on top. Strongly threatening ...e5.} 53. Rg7 e5 (53... Rb3+ 54. Kg2 $11) 54. Rxg6 e4+ 55. Ke3 Kb5) 53. Rc6+ $1 $17 Ka7 54. Rxd6 {[%emt 0:00:05] [#]} Kb8 $1 55. Ke4 Kc7 56. Rd3 Rb5 57. Ra3 Kd7 58. Ra7+ Ke8 59. Kf3 Rd5 60. Rb7 Rd7 61. Rb5 Ke7 62. Rb6 Kf6 63. Rb5 Kg7 64. Ra5 f6 65. Ra6 Kf7 66. Rb6 Rd3+ 67. Kf2 e5 (67... Rd5 $15) 68. fxe5 $11 fxe5 69. Rc6 Rd7 70. Ke3 Rd4 71. Rb6 Rg4 72. Kf2 g5 73. hxg5 {[%emt 0:00:12] The position is equal.} Rxg5 74. Rc6 Rg6 75. Rc8 Ke6 76. Rh8 Rg5 77. Kf3 Kd5 78. Rd8+ Kc4 79. Ke4 Kc3 80. Rd5 {[%emt 0:01:09] And White is the lucky defender.   Weighted Error Value: White=0.20 (precise) /Black=0.19 (very precise) .  Mistake:       	White=10    	Black=5      Inaccurate:     	White=2     	Black=4      OK:         	White=25    	Black=27     Best:        	White=2     	Black=8      Strong:       	White=1     	Black=3} 1/2-1/2